 Dungeon Crawl Stone Soup version 0.20-a0-800-g4a616ed (webtiles) character file.

5692 AlphabetPasta the Tainter (level 10, -2/63 HPs)
             Began as an Octopode Venom Mage on Mar 1, 2017.
             Was a Priest of Vehumet.
             Slain by a troll (13 damage)
             ... on level 10 of the Dungeon on Mar 2, 2017.
             The game lasted 01:03:41 (11327 turns).

AlphabetPasta the Tainter (Octopode Venom Mage)    Turns: 11327, Time: 01:03:42

Health: -2/63      AC:  2    Str:  7    XL:     10   Next: 76%
Magic:  24/28      EV: 15    Int: 21    God:    Vehumet [***...]
Gold:   378        SH:  5    Dex: 13    Spells: 6/21 levels left

rFire    + . .     SeeInvis .   K - +1 spear (freeze)
rCold    . . .     Gourm    .   I - +0 buckler
rNeg     . . .     Faith    .   e - +1 hat
rPois    .         Spirit   .   y - amulet of magic regeneration
rElec    .         Reflect  .   g - ring of protection from fire
rCorr    .         Harm     .   p - +5 ring of slaying
MR       .....                  t - ring of magical power
Stlth    +++.......             (no ring)
Regen    0.2/turn               (no ring)
MPRegen  0.4/turn               (no ring)
                                (no ring)
                                (no ring)

@: very slightly contaminated
A: almost no armour, stealthy swim, amphibious, 8 rings, constrict 8, camouflage
1, gelatinous body 1
a: Renounce Religion


You were on level 10 of the Dungeon.
You worshipped Vehumet.
Vehumet was most pleased with you.
You were not hungry.

You visited 2 branches of the dungeon, and saw 11 of its levels.
You also visited: Sewer.

You collected 623 gold pieces.
You spent 245 gold pieces at shops.

Inventory:

Hand Weapons
 i - a +0 short sword
 m - a +2 spear
 B - a +0 trident
 K - a +1 spear of freezing (weapon)
Missiles
 L - 2 javelins (quivered)
Armour
 e - a +1 hat (worn)
 l - a +1 shield
 I - a +0 buckler (worn)
Jewellery
 g - a ring of protection from fire (left tentacle)
 p - a +5 ring of slaying (right tentacle)
 t - a ring of magical power (on tentacle)
 y - an amulet of magic regeneration (around mantle)
 F - an uncursed ring of fire
Wands
 q - a wand of polymorph (4/24)
 r - a wand of paralysis (13/24)
 A - a wand of paralysis (23/24)
 D - a wand of polymorph (16/24)
 G - a wand of digging (16/24)
Scrolls
 c - a scroll of magic mapping {unknown}
 d - a scroll of recharging
 j - 3 scrolls of teleportation
 o - a scroll of blinking
 u - a scroll of fog
 w - 6 scrolls of remove curse
 E - a scroll of enchant armour
 M - a scroll of holy word
Potions
 f - 5 potions of flight
 h - a potion of magic
 k - 3 potions of brilliance
 n - 2 potions of lignification
 s - a potion of might
 v - a potion of berserk rage {unknown}
 z - 2 potions of haste
 J - 2 potions of curing
Books
 a - a Young Poisoner's Handbook

   Spells                             Type                      Level
   a - Sting                          Conjuration/Poison           1
   b - Poisonous Vapours              Poison/Air                   2
   c - Mephitic Cloud                 Conjuration/Poison/Air       3
   d - Olgreb's Toxic Radiance        Poison                       4
   e - Venom Bolt                     Conjuration/Poison           5
Comestibles
 b - 6 bread rations
 x - 7 meat rations
 C - 5 royal jellies
 H - a chunk of flesh


   Skills:
 - Level 3.1 Fighting
 + Level 2.4 Polearms
 - Level 4.0 Dodging
 - Level 2.6 Stealth
 + Level 4.7 Shields
 + Level 6.1 Spellcasting
 + Level 5.6 Conjurations
 + Level 3.1 Fire Magic
 + Level 4.2 Air Magic
 * Level 11.4 Poison Magic
 - Level 2.0 Evocations


You had 6 spell levels left.
You knew the following spells:

 Your Spells              Type           Power        Failure   Level  Hunger
a - Sting                 Conj/Pois      ####         1%          1    None
b - Poisonous Vapours     Pois/Air       #####.       1%          2    None
c - Mephitic Cloud        Conj/Pois/Air  #####...     1%          3    ##.....
d - Olgreb's Toxic Radia  Pois           ######..     1%          4    ####...
e - Shock                 Conj/Air       ####         1%          1    None
f - Flame Tongue          Conj/Fire      ###..        1%          1    None
g - Static Discharge      Conj/Air       ####....     1%          3    ##.....


Dungeon Overview and Level Annotations

Branches:
Dungeon (10/15)            Temple (1/1) D:4            Lair (0/6) D:9
    Orc: D:9-12

Altars:
Ashenzari
Cheibriados
Dithmenos
Elyvilon
Fedhas
Gozag
Hepliaklqana
Kikubaaqudgha
Makhleb
Nemelex Xobeh
Okawaru
Qazlal
Ru
Sif Muna
Trog
Uskayaw
Vehumet
Wu Jian
Xom
Yredelemnul
Zin
The Shining One

Shops:
D:4 *   D:5 ?   D:9 }

Annotations:
D:3 AlphabetPasta's ghost, amateur KoAK
D:6 !skeletal warriors
D:9 Kaishin's ghost, journeyman DrIE


Innate Abilities, Weirdness & Mutations

You cannot wear most types of armour.
You are very stealthy in the water. (Stealth+)
You are amphibious.
You can wear up to eight rings at the same time.
You can use your tentacles to constrict eight enemies at once.
Your skin changes colour to match your surroundings (Stealth+).
Your rubbery body absorbs attacks. (AC +1, EV +1)


Message History

The troll bites you! The troll claws you. x2
Casting: Olgreb's Toxic Radiance
Confirm with . or Enter, or press ? or * to list all spells.
Aiming: Poisonous Vapours
Press: ? - help, Dir - move target cursor, f - troll
Aim: a troll (severely wounded, poisoned)
You miscast Poisonous Vapours.
You are very lightly contaminated with residual magic.
You feel electric! You block the troll's attack. The troll misses you.
The troll barely misses you.
Casting: Poisonous Vapours
Confirm with . or Enter, or press ? or * to list all spells.
Aiming: Poisonous Vapours
Press: ? - help, Dir - move target cursor, f/p - troll
Aim: a troll (severely wounded, poisoned) Poisonous vapours surround the troll!
The troll is engulfed in poison gas.
The troll looks even sicker.
The troll bites you. The troll claws you!
* * * LOW HITPOINT WARNING * * *
The troll claws you!
You die...

##..#..#..#
###...##...#
#.....###.##
#..###.##.# #...#
#.#.#
#.#..####)####..#
#.##.....⌠.....#
#T#..####.####..#
#@..## #.# #..##
#.# . ..... #.#
.. .......# ...
.. ##...#..# .#.
.> ##.##....# .
.. ... ..... ..
... ##.# .# ..


You could see a troll.

Vanquished Creatures
  Maurice (D:9)
  A hornet (D:7)
  2 hippogriffs
  A wraith (D:9)
  4 hogs (D:8)
  A human (D:8)
  A hungry ghost (D:9)
  Menkaure (D:6)
  3 black bears
  5 orc warriors
  3 ice beasts
  4 sky beasts
  5 ogres
  2 centaurs
  2 phantoms
  3 bullfrogs
  A scorpion (D:7)
  A centaur zombie (D:6)
  3 howler monkeys
  2 crimson imps
  2 hounds (D:6)
  7 orc priests
  3 bullfrog skeletons (D:9)
  3 iguanas
  An iron imp (D:9)
  Jessica (D:3)
  Natasha (thrice) (D:2)
  7 orc wizards
  5 worker ants
  A killer bee zombie (D:10)
  A hound zombie (D:7)
  A hound skeleton (D:5)
  3 worker ant zombies
  8 gnolls
  11 adders
  2 river rats (D:3)
  2 shadow imps
  An adder zombie (D:8)
  3 worms
  A dart slug (D:1)
  5 leopard geckos
  29 orcs
  5 bats
  13 giant cockroaches
  7 hobgoblins
  5 jackals
  9 kobolds
  2 quokkas
  10 ball pythons
  10 frilled lizards
  4 goblins
  A jackal zombie (D:5)
  A leopard gecko zombie (D:5)
  A quokka skeleton (D:6)
  11 rats
225 creatures vanquished.

Notes
Turn   | Place    | Note
-------+----------+-------------------------------------------
     0 | D:1      | AlphabetPasta the Octopode Venom Mage began the quest for the Orb.
     0 | D:1      | Reached XP level 1. HP: 11/11 MP: 3/3
   126 | D:1      | Reached skill level 4 in Poison Magic
   145 | D:1      | Reached XP level 2. HP: 17/17 MP: 3/5
   160 | D:1      | Learned a level 2 spell: Poisonous Vapours
   683 | D:2      | Reached XP level 3. HP: 21/21 MP: 6/6
  1231 | D:2      | Reached XP level 4. HP: 27/27 MP: 2/7
  1327 | D:2      | Learned a level 3 spell: Mephitic Cloud
  1533 | D:2      | Noticed Natasha
  1543 | D:2      | Killed Natasha
  1543 | D:2      | Reached skill level 1 in Shields
  1543 | D:2      | Reached skill level 5 in Poison Magic
  1870 | D:2      | Noticed Natasha
  1877 | D:2      | Killed Natasha
  1877 | D:2      | Reached XP level 5. HP: 31/31 MP: 3/8
  1955 | D:2      | Noticed Natasha
  1958 | D:2      | Killed Natasha
  2615 | D:3      | Noticed AlphabetPasta's ghost (amateur KoAK)
  2753 | D:3      | Found a glowing drain.
  2765 | Sewer    | Entered a sewer
  2873 | Sewer    | Learned a level 4 spell: Olgreb's Toxic Radiance
  3092 | Sewer    | Reached skill level 6 in Poison Magic
  3092 | Sewer    | Reached XP level 6. HP: 26/36 MP: 4/10
  3876 | D:3      | Noticed Jessica
  3879 | D:3      | Killed Jessica
  4392 | D:4      | Reached skill level 7 in Poison Magic
  4407 | D:4      | Reached XP level 7. HP: 24/41 MP: 3/12
  4888 | D:4      | Found Esonlit's Elemental Accessories.
  5161 | D:4      | Found a staircase to the Ecumenical Temple.
  5174 | Temple   | Entered the Ecumenical Temple
  5396 | Temple   | Became a worshipper of Vehumet
  5588 | D:5      | Entered Level 5 of the Dungeon
  5613 | D:5      | Found Mymiv's Magic Scroll Shop.
  5700 | D:5      | Bought a scroll of identify for 28 gold pieces
  5700 | D:5      | Bought a scroll of identify for 28 gold pieces
  5700 | D:5      | Bought a scroll of enchant weapon for 105 gold pieces
  5700 | D:5      | Bought a scroll of identify for 28 gold pieces
  5700 | D:5      | Bought a scroll of fog for 28 gold pieces
  5700 | D:5      | Bought a scroll of identify for 28 gold pieces
  5774 | D:5      | Reached XP level 8. HP: 35/46 MP: 7/14
  5780 | D:5      | Reached skill level 1 in Air Magic
  5780 | D:5      | Reached skill level 8 in Poison Magic
  6207 | D:5      | Reached skill level 1 in Polearms
  6339 | D:5      | Reached * piety under Vehumet
  6339 | D:5      | Offered knowledge of Shock by Vehumet.
  6342 | D:5      | Learned a level 1 spell: Shock
  6816 | D:5      | Reached skill level 1 in Fighting
  6959 | D:6      | Reached skill level 9 in Poison Magic
  7020 | D:6      | Found a sacrificial altar of Ru.
  7070 | D:6      | Reached XP level 9. HP: 34/53 MP: 8/16
  7140 | D:6      | Reached skill level 1 in Evocations
  7283 | D:6      | Noticed Menkaure
  7299 | D:6      | Killed Menkaure
  7302 | D:6      | Reached skill level 5 in Spellcasting
  7391 | D:6      | Noticed a skeletal warrior
  7459 | D:6      | Noticed a skeletal warrior
  8037 | D:7      | Reached ** piety under Vehumet
  8037 | D:7      | Offered knowledge of Flame Tongue by Vehumet.
  8119 | D:7      | Noticed a hornet
  8121 | D:7      | Paralysed by a hornet for 1 turns
  8123 | D:7      | Killed a hornet
  8126 | D:7      | Learned a level 1 spell: Flame Tongue
  8552 | D:7      | Reached skill level 10 in Poison Magic
  8605 | D:7      | Reached skill level 1 in Fire Magic
  9090 | D:8      | Found a basalt altar of Yredelemnul.
  9303 | D:8      | Reached XP level 10. HP: 60/60 MP: 14/18
  9320 | D:8      | Reached skill level 5 in Conjurations
  9904 | D:9      | Noticed Kaishin's ghost (journeyman DrIE)
 10064 | D:9      | Offered knowledge of Static Discharge by Vehumet.
 10069 | D:9      | Learned a level 3 spell: Static Discharge
 10198 | D:9      | Found a shadowy altar of Dithmenos.
 10231 | D:9      | Noticed Maurice
 10243 | D:9      | Reached skill level 11 in Poison Magic
 10281 | D:9      | Killed Maurice
 10689 | D:9      | Found an ornate altar of the Wu Jian Council.
 10689 | D:9      | Reached *** piety under Vehumet
 10698 | D:9      | Found a glowing silver altar of Zin.
 10703 | D:9      | Found a basalt altar of Yredelemnul.
 10906 | D:9      | Found a bloodstained altar of Trog.
 10926 | D:9      | Found Noujul's Gadget Emporium.
 10977 | D:10     | Entered Level 10 of the Dungeon
 11149 | D:9      | Found a snail-covered altar of Cheibriados.
 11240 | D:9      | Found a staircase to the Lair.
 11327 | D:10     | Slain by a troll

Vault maps used:
D:1:      dpeg_arrival_simpleton_b, minmay_misc_feat_plants,
          hangedman_glass_garden
D:2:      serial_park_tiny_2, kennysheep_small_spiral, minmay_misc_feat_chi,
          dk_noncrumbling_4, nrook_mini_vaults, uniq_natasha
D:3:      portal_sewer_entry_e, first_bread, uniq_jessica
D:4:      minmay_temple_entry_mist, nicolae_elemental_shop
D:5:      serial_shops, shop
D:6:      nicolae_ru_great_annihilating_truth, uniq_menkaure
D:7:      black_bear_nest_2
D:8:      grunt_livestock, yredelemnul_altar_generic
D:9:      kennysheep_mini_moat, lemuel_round_altar, slow_altar_2,
          minmay_overflow_temple_star_quad, lair_entry_dummy, serial_shops,
          shop, uniq_maurice
D:10:     kb_rosetta
Temple:   regret_index_temple_generic_petals
Sewer:    sewer_frog_island_01

Skill      XL: |  1  2  3  4  5  6  7  8  9 10 |
---------------+-------------------------------+-----
Poison Magic   | 4 5 6 7 9 10 11 | 11.4
Conjurations   | 2 3 4 5 |  5.6
Shields        | 1 2 3 4 |  4.7
Spellcasting   | 3 4 5 6 |  6.1
Air Magic      | 2 3 4 |  4.2
Polearms       | 1 2 |  2.4
Dodging        | 3 4 |  4.0
Fighting       | 1 2 3 |  3.1
Evocations     | 2 |  2.0
Fire Magic     | 1 3 |  3.1
Stealth        | |  2.6

Action                   |  1- 3 |  4- 6 |  7- 9 | 10-12 || total
-------------------------+-------+-------+-------+-------++-------
Melee: Unarmed           |     5 |       |       |       ||     5
       Constrict         |     5 |    14 |    26 |     9 ||    54
       Spear             |    25 |    73 |   157 |    33 ||   288
       Tentacles         |     1 |     4 |    22 |     7 ||    34
       Trident           |       |       |       |    15 ||    15
 Cast: Sting             |    19 |    34 |     4 |       ||    57
       Poisonous Vapours |    14 |    37 |    68 |    23 ||   142
       Olgreb's Toxic Ra |       |     2 |    18 |    12 ||    32
       Shock             |       |       |    47 |    12 ||    59
       Flame Tongue      |       |       |       |    28 ||    28
       Mephitic Cloud    |       |       |       |     2 ||     2
Evoke: Wand              |       |     3 |       |       ||     3
  Use: Scroll            |     2 |     4 |    15 |     2 ||    23
       Potion            |       |     1 |     1 |       ||     2
 Stab: Sleeping          |     6 |     6 |     9 |     1 ||    22
       Paralysed         |       |     5 |       |       ||     5
  Eat: Chunk             |     2 |    11 |    15 |     7 ||    35
       Fruit             |       |     1 |     2 |     1 ||     4
       Royal jelly       |       |       |     1 |     1 ||     2
Armor: Skin              |       |     3 |     6 |     2 ||    11
Dodge: Dodged            |    15 |    46 |    86 |    28 ||   175
Block: Buckler           |       |       |       |    14 ||    14
